 Dungeon Crawl Stone Soup version 0.28.0-53-g5a82cb258f (webtiles) character file.

Game seed: 5422736489934530389

42 Stomo the Skirmisher (level 3, 29/29 HPs)
             Began as a Demonspawn Fighter on July 2, 2022.
             Was a Follower of Jiyva.
             Quit the game on level 2 of the Dungeon.
             The game lasted 00:01:18 (1408 turns).

Stomo the Skirmisher (Demonspawn Fighter)           Turns: 1408, Time: 00:01:19

Health: 29/29      AC:  8    Str: 18    XL:     3   Next: 35%
Magic:  3/3        EV:  9    Int:  9    God:    Jiyva [*.....]
Gold:   71         SH:  0    Dex: 12    Spells: 2/2 levels left

rFire   . . .      SeeInvis .   a - +0 flail
rCold   . . .      Faith    .   (no shield)
rNeg    . . .      Spirit   .   b - +0 scale mail
rPois   .          Reflect  .   (no helmet)
rElec   .          Harm     .   (no cloak)
rCorr   .          Rampage  .   l - +1 pair of gloves
Will    .....                   (no boots)
Stlth   ..........              (no amulet)
HPRegen 0.89/turn               (no ring)
MPRegen 0.33/turn               (no ring)

@: no status effects
A: claws 1, hooves 1
a: Renounce Religion


You were on level 2 of the Dungeon.
You worshipped Jiyva.
Jiyva was aware of your devotion.
You visited 1 branch of the dungeon, and saw 2 of its levels.

You collected 71 gold pieces.

Inventory:

Hand Weapons
 a - a +0 flail (weapon)
Armour
 b - a +0 scale mail (worn)
 c - a +0 buckler
 l - a +1 pair of gloves (worn)
Jewellery
 e - a ring of positive energy
 m - a ring of flight
Scrolls
 f - a scroll of amnesia {unknown}
 h - a scroll of summoning {unknown}
 i - a scroll of immolation {unknown}
 j - a scroll of blinking {unknown}
Potions
 d - a potion of might
 g - a potion of haste {unknown}
 k - a potion of degeneration {unknown}
 n - a potion of invisibility {unknown}


   Skills:
 + Level 3.4 Fighting
 + Level 2.2 Maces & Flails
 + Level 3.1 Armour
 + Level 1.1 Dodging
 - Level 2.6 Shields


You had 2 spell levels left.
You didn't know any spells.
Your spell library contained the following spells:

 Spells                   Type           Power      Damage    Failure   Level
 Sting                    Tmut/Pois      0%         1d3       77%         1
 Poisonous Vapours        Pois/Air       0%         N/A       88%         2
 Olgreb's Toxic Radiance  Pois           0%         N/A       100%        4


Dungeon Overview and Level Annotations

Branches:
Dungeon (2/15)

Altars:
Jiyva

Shops:
D:1 [


Innate Abilities, Weirdness & Mutations

You have sharp fingernails.
You have large cloven feet.


Message History

There is a dry fountain here.
There is a stone staircase leading up here.
You see here a +0 ring mail.
There is a stone staircase leading up here.
A kobold comes into view. It is wielding a +0 whip.
The kobold shouts!
A kobold is nearby!
A kobold is nearby!
A kobold is nearby!
The kobold completely misses you.
You hit the kobold.
You kill the kobold!
No target in view!
No target in view!
No target in view!
No target in view!
No target in view!
No target in view!
There is an empty arch of ancient stone here.
There is a faded altar of an unknown god here.
You cannot tell which god this altar belongs to.
Convert to them anyway?
Jiyva accepts your prayer! Jiyva welcomes you!
Jiyva begins accelerating your health and magic regeneration.
There is an empty arch of ancient stone here.
You see here a +0 whip.
You see here a +0 whip.
There is a stone staircase leading up here.
n - a fuming inky potion A bat comes into view.
The bat hits you but does no damage.
A bat is nearby!
A bat is nearby!
Okay, then.
Are you sure you want to abandon this character and quit the game? (Confirm with "yes".)
Okay, then.
You sock the bat!
You kill the bat!
No target in view!
Are you sure you want to abandon this character and quit the game? (Confirm with "yes".)

#.#
........####.
#.# .########
##. #.#
#####.. #.#
#....... #.#
#.####.. #.#
##. #.# #.
#.# #. #@# ##
#.†...#
#######


There were no monsters in sight!

Vanquished Creatures
  2 worms (D:2)
  3 dart slugs
  2 bats (D:2)
  3 endoplasms (D:2)
  2 giant cockroaches (D:2)
  2 goblins (D:2)
  4 hobgoblins (D:2)
  3 kobolds
  2 ball pythons
  4 frilled lizards (D:2)
  A rat (D:2)
28 creatures vanquished.

Notes
Turn   | Place    | Note
-------+----------+-------------------------------------------
     0 | D:1      | Stomo the Demonspawn Fighter began the quest for the Orb.
     0 | D:1      | Reached XP level 1. HP: 18/18 MP: 1/1
    97 | D:1      | Found Tobirapp's Antique Armour Boutique.
   390 | D:2      | Discovered your monstrous ancestry.
   390 | D:2      | Gained mutation: You have sharp fingernails. [demonic
                  | ancestry]
   390 | D:2      | Reached XP level 2. HP: 22/24 MP: 2/2
   726 | D:2      | Reached skill level 1 in Dodging
   727 | D:2      | Gained mutation: You have large cloven feet. [demonic
                  | ancestry]
   727 | D:2      | Reached XP level 3. HP: 10/29 MP: 3/3
  1187 | D:2      | Found a faded altar of an unknown god.
  1341 | D:2      | Prayed at the altar of an unknown god.
  1341 | D:2      | Became a worshipper of Jiyva Jygaoroz the Shapeless
  1341 | D:2      | Reached * piety under Jiyva
  1408 | D:2      | Quit the game

Illustrated notes

Levels and vault maps discovered:
D:1:      dpeg_arrival_round_b, layout_rooms, serial_shops,
          nicolae_lakefront_shop
D:2:      layout_loops_ring, shapermc_ecumenical_altar_venn,
          minmay_small_reverse_x

Skill      XL: |  1  2 |
---------------+-------+-----
Maces & Flails | 2 |  2.2
Armour         | 3 |  3.1
Dodging        | 1 |  1.1
Fighting       | |  3.4
Shields        | |  2.6

Action                   || total
-------------------------++-------
Melee: Flail             ||    81
       Kick              ||     3
Armor: Scale mail        ||    39
Dodge: Dodged            ||    39
Block: Buckler           ||     2
